Map: Ascension to Aiur LE

Players

FisterRoboto

  • Race: Zerg Zerg
  • League: Diamond
  • Spawn Location: 5:00

AngryKimchi - Winner!

  • Race: Terran Terran
  • League: Master
  • Spawn Location: 11:00

VOD

Have the link to the VOD?

Description

Time

  • Played on: Jan. 13, 2018, 12:21 a.m.
  • Length: 12:38
Show
View Real Time Build Order
Export as new Build Order

FisterRoboto Zerg 

Build Orders: Hatch First 

Get SALT Encoding   

  12  0:01  Drone  
  13  0:12  Overlord  
  13  0:16  Drone  
  14  0:31  Drone  
  14  0:32  Drone  
  14  0:35  Drone  
  17  0:51  Hatchery  
  17  0:54  Drone  
  17  0:57  Drone  
  18  1:09  Extractor  
  17  1:13  Spawning Pool  
  17  1:15  Drone  
  17  1:19  Drone  
  18  1:27  Drone  
  19  1:40  Overlord  
  19  1:49  Drone  
  20  2:01  Queen  
  22  2:03  Queen  
  22  2:04  Zergling x2  
  22  2:05  Zergling x2  
  26  2:19  Hatchery  
  25  2:23  Metabolic Boost  
  24  2:47  Drone  
  24  2:48  Drone x5  
  30  2:52  Pneumatized Carapace  
  30  2:58  Overlord  
  30  3:00  Drone  
  31  3:09  Drone  
  32  3:14  Drone  
  32  3:17  Drone  
  32  3:18  Drone  
  32  3:19  Drone x3  
  38  3:22  Drone x2  
  40  3:27  Queen  
  42  3:35  Zergling x4  
  42  3:38  Queen  
  42  3:41  Drone  
  47  3:46  Baneling Nest  
  45  3:52  Drone x4  
  45  3:54  Overlord  
  49  4:05  Overlord x2  
  49  4:17  Overlord x3  
  49  4:18  Drone  
  49  4:23  Queen  
  49  4:24  Queen  
  52  4:26  Queen  
  56  4:32  Drone  
  56  4:33  Drone x4  
  56  4:37  Zergling x4  
  63  4:39  Zergling x4  
  63  4:41  Zergling x2  
  66  4:48  Zergling x2  
  66  4:49  Zergling x8  
  66  4:50  Zergling x2  
  72  4:53  Zergling x4  
  72  4:56  Drone  
  75  5:03  Queen  
  77  5:16  Evolution Chamber x2, Extractor  
  77  5:18  Drone x7  
  77  5:19  Overlord x3  
  81  5:38  Zergling x10  
  81  5:39  Drone x6  
  81  5:41  Lair  
  92  5:44  Zerg Ground Armor Level 1, Zerg Melee Weapons Level 1  
  92  5:55  Overlord x5  
  92  6:00  Baneling x2  
  92  6:13  Zergling x6  
  95  6:31  Overlord x2  
  95  6:37  Drone x10  
  103  6:44  Extractor  
  103  6:47  Extractor x2  
  101  6:51  Zergling x10, Extractor  
  101  6:53  Hatchery  
  103  6:58  Drone x3  
  106  7:06  Zergling x10  
  106  7:07  Baneling x4  
  102  7:10  Zergling x2  
  100  7:20  Drone x2  
  100  7:21  Drone x3  
  102  7:27  Zergling x6  
  89  7:37  Hatchery  
  89  7:38  Zergling x10  
  94  7:44  Zergling x10  
  94  7:49  Drone  
  90  7:59  Zergling x12  
  90  8:02  Baneling x5  
  90  8:04  Zergling x2  
  96  8:08  Zergling x2  
  96  8:09  Hatchery  
  94  8:21  Zergling x10  
  90  8:30  Drone  
  90  8:31  Drone  
  90  8:32  Extractor  
  91  8:34  Hydralisk Den  
  91  8:40  Hatchery  
  89  8:45  Overlord x2  
  89  8:47  Hatchery  
  88  8:50  Drone x4  
  88  8:54  Baneling x8  
  92  9:00  Centrifical Hooks, Drone x3  
  95  9:04  Zergling x2  
  94  9:16  Zergling x12  
  95  9:23  Drone x4  
  91  9:26  Queen  
  92  9:35  Queen x3  
  92  9:37  Drone x4  
  102  9:42  Hydralisk x3  
  106  9:46  Muscular Augments  
  106  9:50  Overlord  
  106  9:55  Queen  
  106  9:57  Drone x5  
  113  10:01  Zerg Melee Weapons Level 2  
  113  10:04  Drone x4  
  113  10:05  Drone x2  
  119  10:08  Extractor  
  119  10:11  Zergling x4  
  120  10:20  Zergling x8  
  121  10:21  Baneling  
  121  10:22  Baneling x9  
  121  10:28  Zergling x2, Hydralisk  
  119  10:30  Zergling x20  
  127  10:47  Zergling x20  
  119  10:52  Baneling x9  
  119  10:54  Hydralisk x2  
  103  11:04  Hydralisk  
  103  11:05  Hydralisk  
  103  11:07  Zergling x12  
  113  11:12  Hydralisk x2  
  113  11:14  Drone x4  
  121  11:20  Drone x2  
  121  11:21  Extractor  
  121  11:23  Hydralisk  
  123  11:26  Hydralisk  
  123  11:32  Hatchery  
  124  11:34  Drone x2  
  125  11:51  Hatchery  
  124  11:55  Zergling x14  
  124  11:56  Zergling x8  
  135  12:02  Drone x6, Infestation Pit  
  135  12:04  Drone x3  
  135  12:08  Extractor  
  142  12:09  Extractor  
  142  12:13  Hydralisk  
  143  12:17  Zergling x2  
  143  12:18  Overlord x3  
  143  12:20  Overlord  
Show
View Real Time Build Order
Export as new Build Order

AngryKimchi Terran - Winner!

Build Orders: Reaper Expand, MMM Bio 

Get SALT Encoding   

  12  0:00  SCV  
  13  0:12  SCV  
  14  0:17  Supply Depot  
  14  0:24  SCV  
  15  0:39  SCV  
  15  0:41  Barracks  
  16  0:44  Refinery  
  16  0:51  SCV  
  17  1:03  SCV  
  18  1:15  SCV  
  19  1:28  Reaper  
  19  1:29  Orbital Command  
  20  1:42  Command Center  
  20  1:55  Barracks  
  20  1:57  SCV  
  20  2:00  Barracks Reactor  
  21  2:07  Supply Depot  
  21  2:11  SCV  
  22  2:15  Refinery  
  22  2:23  SCV  
  23  2:35  SCV  
  24  2:40  Marine x2  
  24  2:44  Barracks Tech Lab, Factory  
  26  2:47  SCV  
  27  2:54  Orbital Command  
  27  2:58  Marine  
  28  3:01  Marine  
  28  3:04  Stimpack  
  29  3:07  Marine  
  29  3:11  SCV  
  31  3:15  Marine  
  31  3:19  Marine  
  33  3:21  SCV  
  33  3:24  Marine, SCV  
  36  3:31  Supply Depot  
  36  3:33  Marine  
  37  3:37  Marine  
  37  3:39  Factory Reactor  
  37  3:40  Starport  
  38  3:42  Marine  
  39  3:51  Marine, SCV  
  39  3:54  Marine  
  39  3:55  Supply Depot  
  41  3:57  SCV  
  41  4:00  Marine  
  43  4:03  SCV  
  43  4:04  Engineering Bay  
  43  4:09  Marine, SCV  
  46  4:12  Marine  
  46  4:15  SCV  
  48  4:21  SCV  
  48  4:22  Marine  
  50  4:26  Medivac  
  50  4:27  SCV, Medivac  
  50  4:28  Supply Depot  
  55  4:31  Terran Infantry Weapons Level 1  
  55  4:34  Marine  
  55  4:38  Supply Depot  
  56  4:39  SCV  
  56  4:40  SCV  
  58  4:46  Marine  
  58  4:52  SCV  
  60  4:53  SCV  
  60  4:55  Marine, Supply Depot  
  62  5:04  SCV, Combat Shields  
  62  5:05  SCV  
  64  5:08  Marine  
  64  5:11  Marine  
  64  5:13  Marine  
  68  5:22  SCV  
  68  5:24  Command Center  
  68  5:25  Marine, Supply Depot, Medivac  
  71  5:29  Marine, Refinery  
  71  5:30  Refinery  
  71  5:31  Marine  
  73  5:40  SCV  
  73  5:42  Supply Depot  
  74  5:43  Marine, Medivac  
  74  5:47  Marine  
  74  5:49  Marine  
  79  5:52  SCV  
  79  5:53  SCV  
  81  6:01  Marine  
  81  6:03  Medivac  
  84  6:04  SCV  
  84  6:05  Marine, Barracks  
  84  6:06  Barracks  
  84  6:07  Marine  
  84  6:08  SCV  
  88  6:13  Medivac  
  90  6:20  SCV  
  90  6:22  Marine  
  90  6:23  Marine  
  93  6:33  Factory Tech Lab  
  93  6:37  SCV  
  93  6:38  Barracks  
  93  6:39  SCV  
  94  6:40  Orbital Command  
  94  6:51  Armory, Liberator  
  94  6:52  SCV x2  
  96  7:00  Orbital Command  
  94  7:04  SCV  
  94  7:08  Marine x2, Medivac  
  101  7:18  SCV  
  101  7:22  Barracks Reactor  
  97  7:23  SCV  
  97  7:24  Marine, Terran Infantry Armor Level 1, Siege Tank  
  97  7:26  Barracks Reactor  
  97  7:27  Barracks Reactor  
  97  7:28  SCV  
  102  7:30  SCV  
  102  7:35  SCV  
  104  7:40  SCV  
  104  7:43  SCV  
  106  7:47  SCV  
  106  7:50  Marine  
  102  7:52  SCV  
  102  7:54  Marine x2  
  102  7:55  SCV  
  102  7:58  Marine x2  
  104  7:59  SCV  
  104  8:04  SCV  
  107  8:07  SCV  
  107  8:08  Marine  
  107  8:09  Refinery x2  
  107  8:11  Marine, Supply Depot, SCV  
  107  8:12  Marine x2, Supply Depot x2  
  113  8:16  SCV  
  113  8:17  Marine x2  
  113  8:18  Marine  
  117  8:21  Marine  
  117  8:23  Marine, SCV  
  117  8:24  Medivac, Siege Tank  
  117  8:25  Medivac  
  117  8:26  Marine  
  112  8:29  Marine, SCV  
  108  8:35  Marine x4  
  108  8:38  Liberator  
  112  8:41  Command Center  
  112  8:44  Marine x3  
  115  8:54  Supply Depot x2, Medivac  
  120  8:56  Siege Tank  
  120  8:58  Marine x2, Supply Depot  
  120  8:59  Marine  
  126  9:03  Engineering Bay  
  126  9:12  Supply Depot  
  126  9:13  Marine x2  
  128  9:18  Terran Infantry Weapons Level 2  
  128  9:21  Liberator  
  127  9:24  SCV  
  127  9:26  Marine x2  
  127  9:27  Marine x2  
  127  9:28  Marine x2  
  127  9:30  Medivac, Siege Tank  
  139  9:33  Marine  
  139  9:38  Terran Infantry Armor Level 2  
  140  9:39  Marine  
  140  9:43  Marine  
  140  9:44  Marine  
  143  9:47  Marine x3  
  143  9:48  Marine  
  147  10:02  Refinery  
  147  10:03  Marine x3  
  147  10:04  Marine x3  
  153  10:07  Supply Depot  
  153  10:10  Supply Depot  
  153  10:14  Planetary Fortress  
  153  10:31  Marine x2  
  155  10:38  SCV  
  155  10:40  Liberator  
  155  10:41  Marine x2  
  155  10:42  Marine x4  
  161  10:49  Marine x3  
  150  10:56  Siege Tank  
  155  10:57  Medivac  
  155  10:59  Marine x2  
  155  11:00  Marine x4  
  152  11:07  Marine x3  
  155  11:13  Barracks  
  155  11:14  Barracks  
  155  11:16  Barracks, Liberator  
  155  11:17  Marine x3  
  155  11:18  Marine x3, Barracks  
  161  11:25  Marine  
  162  11:30  Marine x2  
  164  11:33  Siege Tank  
  164  11:34  Marine  
  164  11:35  Marine  
  170  11:48  Marine x2  
  170  11:52  Marine x2  
  170  11:53  Marine, Supply Depot  
  175  11:55  Marine x2, Medivac  
  179  12:05  Barracks Tech Lab  
  179  12:06  Barracks Tech Lab x2  
  179  12:09  Barracks Tech Lab  
Tags
 
Add a new tag
Caveats
  • Supply blocks, unpowered buildings, or Contaminate may cause inaccurate times.
  • Supply counts are checked every 10 seconds.